 Dungeon Crawl Stone Soup version 0.20.1-1-g8b1a95d (webtiles) character file.

155 Greyaxe the Shield-Bearer (level 5, -5/47 HPs)
             Began as a Minotaur Fighter on Aug 14, 2017.
             Killed by divine providence
             ... invoked by an orc priest
              (7 damage)
             ... on level 3 of the Dungeon.
             The game lasted 00:10:20 (1928 turns).

Greyaxe the Shield-Bearer (Minotaur Fighter)        Turns: 1928, Time: 00:10:20

Health: -5/47      AC:  7    Str: 22    XL:     5   Next: 14%
Magic:  4/4        EV:  7    Int:  5    God:
Gold:   167        SH:  9    Dex:  9    Spells: 4/4 levels left

rFire    . . .     SeeInvis .   a - +0 war axe
rCold    . . .     Gourm    .   c - +0 shield
rNeg     . . .     Faith    .   b - +0 scale mail
rPois    .         Spirit   .   (helmet restricted)
rElec    .         Reflect  .   (no cloak)
rCorr    .         Harm     .   (no gloves)
MR       .....                  (no boots)
Stlth    ..........             (no amulet)
Regen    0.2/turn               (no ring)
MPRegen  0.1/turn               (no ring)

@: no status effects
A: retaliatory headbutt, horns 2
a: no special abilities


You were on level 3 of the Dungeon.
You were not hungry.

You visited 1 branch of the dungeon, and saw 3 of its levels.

You collected 167 gold pieces.

Inventory:

Hand Weapons
 a - a +0 war axe (weapon)
Armour
 b - a +0 scale mail (worn)
 c - a +0 shield (worn)
Scrolls
 g - a scroll of fog
 j - a scroll of recharging
Potions
 d - a potion of might
 e - a potion of curing {unknown}
 h - a potion of ambrosia
 i - a potion of heal wounds {unknown}
Comestibles
 f - 2 bread rations
 k - 3 fruits


   Skills:
 + Level 4.4 Fighting
 + Level 4.1 Axes
 + Level 4.6 Armour
 + Level 0.4 Dodging
 + Level 4.7 Shields


You had 4 spell levels left.
You didn't know any spells.

Dungeon Overview and Level Annotations

Branches:
Dungeon (3/15)

Altars:
Xom


Innate Abilities, Weirdness & Mutations

You reflexively headbutt those who attack you in melee.
You have a pair of horns on your head.


Message History

You closely miss the orc.
The orc is heavily wounded.
You block the orc's attack.
The orc shouts!
You hit the orc but do no damage. You headbutt the orc.
You kill the orc!
You barely miss the orc. You block the orc's attack.
The orc priest mumbles some strange prayers to Beogh against you.
Beogh smites you! The orc closely misses you. You furiously retaliate!
You headbutt the orc, but do no damage. You slash the orc!
You kill the orc!
The orc priest mumbles some strange prayers to Beogh against you.
Pain shoots through your body!
* * * LOW HITPOINT WARNING * * *
You slash the orc priest!
The orc priest is severely wounded.
The orc priest invokes the aid of Beogh against you.
Beogh smites you!
You die...

o#o.. o.. #.#
##############.###########
.)........................
##############.#..........
.............#.#o#........
....########.#.#o#.#......
....#......#.#.#@#?#.#####
....#........#.#.#.# .
....##########.#.#.# ..
....#... ..#.#.# .#
....#.#### #.#.# .#
.#........ #.# .#....####
... .#.....# #!# .#.....+


You could see an orc priest and an orc.

Vanquished Creatures
  Terence (D:2)
  An orc wizard (D:3)
  2 adders
  An ooze (D:1)
  3 worms (D:2)
  A dart slug (D:1)
  2 leopard geckos
  6 orcs (D:3)
  6 bats
  9 goblins
  6 hobgoblins
  6 jackals
  8 kobolds
  2 quokkas
  A ball python (D:1)
  3 frilled lizards
  4 rats
62 creatures vanquished.

Notes
Turn   | Place    | Note
-------+----------+-------------------------------------------
     0 | D:1      | Greyaxe the Minotaur Fighter began the quest for the Orb.
     0 | D:1      | Reached XP level 1. HP: 19/19 MP: 0/0
    75 | D:1      | Reached XP level 2. HP: 27/27 MP: 1/1
   161 | D:1      | Found a shimmering altar of Xom.
   303 | D:1      | Reached XP level 3. HP: 32/33 MP: 2/2
   689 | D:2      | Noticed Terence
   698 | D:2      | Killed Terence
   698 | D:2      | Reached XP level 4. HP: 41/41 MP: 3/3
  1901 | D:3      | Reached XP level 5. HP: 37/47 MP: 4/4
  1927 | D:3      | HP: 2/47 [orc priest/nerve-wracking pain (13)]
  1928 | D:3      | Killed from afar by an orc priest

Skill      XL: |  1  2  3  4 |
---------------+-------------+-----
Fighting       | 4 |  4.4
Shields        | 4 |  4.7
Axes           | 3 4 |  4.1
Armour         | 4 |  4.6
Dodging        | |  0.4

Action                   |  1- 3 |  4- 6 || total
-------------------------+-------+-------++-------
Melee: War axe           |    56 |   102 ||   158
       Headbutt          |     3 |    13 ||    16
  Use: Scroll            |     4 |     4 ||     8
       Potion            |       |     5 ||     5
  Eat: Bread ration      |       |     1 ||     1
Armor: Scale mail        |    23 |    57 ||    80
Dodge: Dodged            |    18 |    37 ||    55
Block: Shield            |    27 |    60 ||    87
